 Dungeon Crawl Stone Soup version 0.30.1 (webtiles) character file.

Game seed: 4760587088118690549

1163 DemonSlayer the Magician (level 8, 0/54 HPs)
             Began as a Demonspawn Earth Elementalist on July 13, 2023.
             Slain by a phantom (4 damage)
             ... on level 6 of the Dungeon.
             The game lasted 00:13:16 (3929 turns).

DemonSlayer the Magician (DsEE)                     Turns: 3929, Time: 00:13:17

Health: 0/54       AC: -6    Str:  9    XL:     8   Next: 17%
Magic:  9/17       EV: 12    Int: 22    God:
Gold:   387        SH:  0    Dex: 16    Spells: 5/19 levels left

rFire   . . .        D - +4 rapier (venom) {pussy smasher}
rCold   . . .        (no shield)
rNeg    . . .        a - +0 robe
rPois   +            (helmet restricted)
rElec   .            e - +0 cloak
rCorr   .            p - +2 pair of gloves
SInv    .            o - +0 pair of boots
Will    .....        w - amulet of magic regeneration
Stlth   ++           j - +6 ring of intelligence
HPRegen 0.29/turn    c - ring of poison resistance
MPRegen 0.70/turn

%: no passive effects
@: mighty, corroded, very slightly contaminated
A: horns 1, molten scales 2, powered by death 1, magic regeneration
a: no special abilities


You were on level 6 of the Dungeon.
You visited 2 branches of the dungeon, and saw 7 of its levels.

You collected 387 gold pieces.

Inventory:

Hand Weapons
 D - a +4 rapier of venom (weapon) {pussy smasher}
Missiles
 q - a throwing net
 y - 5 curare-tipped darts
Armour
 a - a +0 robe (worn)
 e - a +0 cloak (worn)
 o - a +0 pair of boots (worn)
 p - a +2 pair of gloves (worn)
Jewellery
 c - a ring of poison resistance (right hand)
 j - a +6 ring of intelligence (left hand)
 w - an amulet of magic regeneration (around neck)
Scrolls
 b - a scroll of poison {unknown}
 f - a scroll of fog {unknown}
 g - 2 scrolls of magic mapping
 h - a scroll of immolation {unknown}
 i - 2 scrolls of fear {unknown}
 k - a scroll of enchant weapon {unknown}
 s - a scroll of vulnerability {unknown}
 v - 3 scrolls of amnesia
 x - a scroll of teleportation {unknown}
 C - a scroll of brand weapon {unknown}
 E - a scroll of silence {unknown}
Potions
 d - a potion of haste {unknown}
 l - 5 potions of might
 n - a potion of flight {unknown}
 r - 5 potions of curing
 t - 2 potions of attraction {unknown}
 u - a potion of cancellation {unknown}
 z - a potion of invisibility {unknown}
 A - a potion of berserk rage {unknown}
 B - a potion of degeneration {unknown}


   Skills:
 + Level 1.0 Fighting
 + Level 1.7 Short Blades
 + Level 0.1 Throwing
 + Level 2.5 Dodging
 + Level 2.9 Stealth
 + Level 6.1 Spellcasting
 + Level 2.0 Conjurations
 + Level 0.8 Transmutations
 + Level 5.7 Earth Magic


You had 5 spell levels left.
You knew the following spells:

 Your Spells              Type           Power      Damage    Failure   Level
a - Sandblast             Erth           62%        2d14      1%          1
b - Passwall              Tmut/Erth      17%        N/A       3%          2
c - Stone Arrow           Conj/Erth      46%        3d9       5%          3
d - Petrify               Tmut/Erth      21%        N/A       24%         4
e - Leda's Liquefaction   Hex/Erth       9%         N/A       28%         4

Your spell library contained the following spells:

 Spells                   Type           Power      Damage    Failure   Level
 Magic Dart               Conj           60%        1d6       4%          1
 Searing Ray              Conj           30%        2d5       6%          2
 Necrotise                Necr           24%        1d5       9%          1
 Poisonous Vapours        Pois/Air       12%        N/A       14%         2
 Gell's Gravitas          Tloc           6%         N/A       26%         3
 Teleport Other           Tloc           6%         N/A       26%         3
 Vampiric Draining        Necr           6%         2d6       26%         3
 Vhi's Electric Charge    Tloc/Air       12%        N/A       26%         3
 Fulminant Prism          Conj/Hex       5%         3d7       52%         4
 Arcjolt                  Conj/Air       5%         1d15      86%         5
 Agony                    Necr           6%         N/A       94%         5
 Dispersal                Tloc           3%         N/A       100%        6
 Plasma Beam              Fire/Air       3%         2x1d14    100%        6
 Lehudib's Crystal Spear  Conj/Erth      11%        10d4      100%        8


Dungeon Overview and Level Annotations

Branches:
Dungeon (7/15)             Temple (1/1) D:7

Altars:
Ashenzari
Cheibriados
Fedhas
Gozag
Hepliaklqana
Kikubaaqudgha
Makhleb
Nemelex Xobeh
Okawaru
Qazlal
Ru
Sif Muna
Trog
Uskayaw
Vehumet
Wu Jian
Xom
Yredelemnul


Innate Abilities, Weirdness & Mutations

You have a pair of small horns on your head.
You are mostly covered in molten scales. (AC +3)
You regenerate a little health from kills.
You regenerate magic rapidly.


Message History

The stone arrow misses the ice beast.
The stone arrow hits the ice beast!!
The ice beast is severely wounded.
A phantom comes into view.
The ice beast closely misses you.
The stone arrow misses the ice beast.
The ice beast hits you. The ice beast freezes you!
* * * LOW HITPOINT WARNING * * *
You are too injured to fight recklessly!
You are too injured to fight recklessly!
You are too injured to fight recklessly!
Unknown command.
Casting: Stone Arrow (dangerous; 6% risk of failure)
Confirm with . or Enter, or press ? or * to list all spells.
Aiming: Stone Arrow (dangerous; 6% risk of failure)
Press: ? - help, Shift-Dir - straight line, f/p - ice beast
Aim: an ice beast (severely wounded, 71% to hit)
The stone arrow hits the ice beast!
You kill the ice beast!
The phantom hits you.
* * * LOW HITPOINT WARNING * * *
Your Fighting skill increases to level 1!
Your Conjurations skill increases to level 2!
You hit the phantom but do no damage. You headbutt the phantom.
The phantom is lightly damaged.
The phantom hits you.
* * * LOW HITPOINT WARNING * * *
You feel better. The phantom hits you.
* * * LOW HITPOINT WARNING * * *
The phantom blinks!
You blink.
Found a cyan potion.
You puncture the phantom!
The phantom is heavily damaged.
The phantom hits you.
* * * LOW HITPOINT WARNING * * *
You puncture the phantom! Your headbutt misses the phantom.
The phantom is severely damaged.
The phantom hits you!
* * * LOW HITPOINT WARNING * * *
The phantom hits you.
You die...

..........# .#
#>##.# # .# #
#.##.#.# .# .#
#.##.#.###.##.
##............
#...[...!....#
.##.###...###).###.#
........#).))).....#
### #@W.###).#####
##..# #.)# #..# #)†#
........# ##.#####..
..# ##. ..# .# !# #


You could see a phantom.

Vanquished Creatures
  A steam dragon (D:7)
  A water moccasin (D:6)
  An ice beast (D:6)
  A black bear (D:7)
  2 bullfrogs (D:7)
  A gnoll sergeant (D:7)
  An orc priest (D:6)
  A jelly (D:6)
  2 hounds
  Jessica (D:2)
  Ijyb (D:3)
  An iguana (D:7)
  Natasha (thrice) (D:2)
  3 orc wizards
  3 gnolls (D:7)
  6 adders
  2 white imps
  2 ufetubi
  2 worms (D:3)
  A dart slug (D:1)
  18 orcs
  8 ball pythons
  6 endoplasms
  5 giant cockroaches
  3 goblins
  7 hobgoblins
  3 jackals
  3 quokkas
  6 bats
  7 frilled lizards
  4 kobolds
  5 rats
111 creatures vanquished.

Notes
Turn   | Place    | Note
-------+----------+-------------------------------------------
     0 | D:1      | DemonSlayer the Demonspawn Earth Elementalist began the
                  | quest for the Orb.
     0 | D:1      | Reached XP level 1. HP: 13/13 MP: 3/3
   351 | D:1      | Gained mutation: You regenerate magic rapidly. [demonic
                  | ancestry]
   351 | D:1      | Reached XP level 2. HP: 14/19 MP: 1/5
   354 | D:1      | Learned a level 2 spell: Passwall
   552 | D:1      | Found a faded altar of an unknown god.
   860 | D:2      | Gained mutation: You are partially covered in molten
                  | scales. (AC +2) [demonic ancestry]
   860 | D:2      | Reached XP level 3. HP: 24/24 MP: 3/6
  1007 | D:2      | Noticed Natasha
  1011 | D:2      | Killed Natasha
  1012 | D:2      | Reached skill level 3 in Spellcasting
  1012 | D:2      | Gained mutation: You regenerate a little health from kills.
                  | [demonic ancestry]
  1012 | D:2      | Reached XP level 4. HP: 30/30 MP: 5/8
  1131 | D:2      | Learned a level 3 spell: Stone Arrow
  1303 | D:2      | Noticed Natasha
  1308 | D:2      | Killed Natasha
  1309 | D:2      | Reached skill level 1 in Short Blades
  1397 | D:2      | Got the Lectures on Disgusting Quicksand
  1583 | D:2      | Noticed Jessica
  1588 | D:2      | Killed Jessica
  1589 | D:2      | Gained mutation: You are mostly covered in molten scales.
                  | (AC +3) [demonic ancestry]
  1589 | D:2      | Reached XP level 5. HP: 35/35 MP: 6/10
  1736 | D:2      | Learned a level 4 spell: Petrify
  1875 | D:2      | Noticed Natasha
  1878 | D:2      | Killed Natasha
  2174 | D:3      | Noticed Ijyb
  2181 | D:3      | Killed Ijyb
  2182 | D:3      | Reached skill level 4 in Spellcasting
  2335 | D:3      | Reached XP level 6. HP: 37/41 MP: 10/12
  2774 | D:4      | You fall into a shaft and drop 3 floors!
  2775 | D:7      | Found a staircase to the Ecumenical Temple.
  2790 | Temple   | Entered the Ecumenical Temple
  3143 | D:7      | Noticed a steam dragon
  3159 | D:7      | Killed a steam dragon
  3160 | D:7      | Reached skill level 5 in Spellcasting
  3160 | D:7      | Reached skill level 1 in Conjurations
  3160 | D:7      | Reached XP level 7. HP: 37/46 MP: 5/14
  3267 | D:7      | Found a sacrificial altar of Ru.
  3547 | D:7      | Reached skill level 5 in Earth Magic
  3836 | D:7      | Learned a level 4 spell: Leda's Liquefaction
  3883 | D:6      | Reached skill level 6 in Spellcasting
  3883 | D:6      | Gained mutation: You have a pair of small horns on your
                  | head. [demonic ancestry]
  3883 | D:6      | Reached XP level 8. HP: 33/53 MP: 0/17
  3926 | D:6      | Reached skill level 1 in Fighting
  3929 | D:6      | Slain by a phantom

Illustrated notes

Levels and vault maps discovered:
D:1:      lightli_arrival_statue_moat, layout_basic,
          hellmonk_ecumenical_altar_run_dry, minmay_heptomino_l4
D:2:      layout_basic, kennysheep_jessica_study, uniq_jessica, uniq_natasha
D:3:      minmay_octagon_keep, layout_basic, hex_tiny, minmay_hedge_maze,
          uniq_ijyb
D:4:      layout_rooms
D:6:      layout_loops_ring, minmay_fire_ice_demons, uniq_grinder
D:7:      layout_loops_cross, lemuel_doored_altar, old_standard_altar,
          temple_pool_b, minmay_tree_intersection, chequers_decorated_corner,
          minmay_misc_feat_tower, st_stairs_13, chequers_serial_rivers_micro_d
Temple:   compressed_dpeg_triangle_lava_temple

Skill      XL: |  1  2  3  4  5  6  7  8 |
---------------+-------------------------+-----
Stealth        | 2 |  2.9
Dodging        | 2 |  2.5
Earth Magic    | 3 4 5 |  5.7
Spellcasting   | 3 4 5 6 |  6.1
Short Blades   | 1 |  1.7
Conjurations   | 1 2 |  2.0
Fighting       | 1 |  1.0
Throwing       | |  0.1
Transmutations | |  0.8

Action                     |  1- 3 |  4- 6 |  7- 9 || total
---------------------------+-------+-------+-------++-------
  Melee: Dagger            |    24 |    22 |       ||    46
         Punch             |     1 |       |       ||     1
         Club              |       |     1 |       ||     1
         Rapier            |       |     2 |    23 ||    25
         Headbutt          |       |       |     3 ||     3
  Throw: Throwing net      |       |     3 |       ||     3
   Cast: Sandblast         |    30 |    94 |       ||   124
         Stone Arrow       |       |    11 |    30 ||    41
    Use: Scroll            |       |     3 |     1 ||     4
         Potion            |       |     1 |     2 ||     3
   Stab: Sleeping          |     5 |     4 |       ||     9
 Armour: Robe              |    10 |    35 |    15 ||    60
  Dodge: Dodged            |    17 |    48 |    24 ||    89
